 Dungeon Crawl Stone Soup version 0.18-a0-1572-g0a86841 (webtiles) character file.

37 dorian the Unweaver (level 3, 0/29 HPs)
             Began as a Demonspawn Abyssal Knight on Mar 15, 2016.
             Was a Follower of Lugonu.
             Killed by nerve-wracking pain
             ... invoked by Jessica
              (10 damage)
             ... on level 2 of the Dungeon.
             The game lasted 00:03:45 (791 turns).

dorian the Unweaver (Demonspawn Abyssal Knight)      Turns: 791, Time: 00:03:46

Health: 0/29       AC:  7    Str: 12    XL:     3   Next: 23%
Magic:  5/5        EV: 11    Int: 14    God:    Lugonu [*.....]
Gold:   93         SH:  0    Dex: 12    Spells: 0 memorised, 2 levels left

rFire  . . .     SeeInvis .     a - +1 mace
rCold  . . .     Gourm    .     g - +3 leather armour
rNeg   . . .     Faith    .     (no shield)
rPois  .         Spirit   .     (no helmet)
rElec  .         Dismiss  .     (no cloak)
rCorr  .         Reflect  .     e - +0 pair of gloves
SustAt .         Harm     .     (no boots)
MR     .....                    j - amulet of rage
Stlth  +.........               (no ring)
                                (no ring)

@: not resistant to hostile enchantments, very unstealthy
A: powered by death 2
a: Depart the Abyss, Renounce Religion, Evoke Berserk Rage


You were on level 2 of the Dungeon.
You worshipped Lugonu.
Lugonu was aware of your devotion.
You were not hungry.

You visited 1 branch of the dungeon, and saw 2 of its levels.
You visited the Abyss 1 time.

You collected 93 gold pieces.

Inventory:

Hand Weapons
 a - a +1 mace (weapon)
Armour
 b - a +0 leather armour
 e - a +0 pair of gloves (worn)
 g - a +3 leather armour (worn)
Jewellery
 j - an amulet of rage (around neck)
Scrolls
 d - 5 scrolls of remove curse {unknown}
 f - 3 scrolls of enchant weapon {unknown}
 h - a scroll of random uselessness {unknown}
 i - a scroll of teleportation {unknown}
Potions
 l - a potion of flight {unknown}
Comestibles
 c - 3 bread rations
 k - 4 chunks of flesh


   Skills:
 - Level 3.0 Fighting
 + Level 2.7 Maces & Flails
 - Level 1.7 Armour
 - Level 0.8 Dodging
 + Level 3.6 Invocations


You had 2 spell levels left.
You didn't know any spells.

Dungeon Overview and Level Annotations

Branches:
Dungeon (2/15)

Altars:

Annotations:
D:2 Jessica


Innate Abilities, Weirdness & Mutations

You regenerate health from kills.


Message History

Found 3 gold pieces and 14 arrows.
You closely miss Jessica. Jessica hits you but does no damage.
Jessica hits you with a club.
You hit Jessica.
Jessica is heavily wounded.
Jessica closely misses you.
You hit Jessica.
Jessica is severely wounded.
Jessica hits you with a club. Jessica hits you but does no damage.
You hit Jessica but do no damage.
Jessica is severely wounded.
Jessica hits you with a club. Jessica closely misses you.
The giant newt bites you but does no damage.
You hit Jessica.
Jessica is almost dead.
Jessica casts a spell at you. Pain shoots through your body!
The giant newt barely misses you. Jessica casts a spell at you.
Pain shoots through your body!
You die...

.(#...........
..#..........#
............# ..
#..........#. ..#
#..........$.
######(#####..........#
..##...........gl@....#
................@##..##.
........................
..............!.........
##......................
##................####..
##................# #
...#.............##
..###.†.........##
#...........###(#


You could see Jessica, a goblin and a giant newt.

Vanquished Creatures
  An adder (D:2)
  2 dart slugs (D:1)
  A giant gecko (D:1)
  3 goblins (D:1)
  A hobgoblin (D:1)
  8 bats
  8 kobolds (D:1)
  2 rats
26 creatures vanquished.

Notes
Turn   | Place    | Note
--------------------------------------------------------------
     0 | Abyss:1  | dorian the Demonspawn Abyssal Knight began the quest for the Orb.
     0 | Abyss:1  | Reached XP level 1. HP: 18/18 MP: 2/2
    57 | Abyss:1  | Noticed a small abomination
    58 | D:1      | Escaped the Abyss
   161 | D:1      | Gained mutation: You regenerate a little health from kills. [demonic ancestry]
   161 | D:1      | Reached XP level 2. HP: 24/24 MP: 2/4
   186 | D:1      | Reached * piety under Lugonu
   767 | D:2      | Gained mutation: You regenerate health from kills. [demonic ancestry]
   767 | D:2      | Reached XP level 3. HP: 14/29 MP: 5/5
   783 | D:2      | Noticed Jessica
   791 | D:2      | Killed from afar by Jessica

Vault maps used:
D:1:      scummos_arrival_hexagon
D:2:      nicolae_ru_path_of_blood, uniq_jessica, uniq_robin

Skill      XL: |  1 |
---------------+----+-----
Maces & Flails | 2 |  2.7
Invocations    | 3 |  3.6
Fighting       | |  3.0
Armour         | |  1.7
Dodging        | |  0.8

Action                   || total
-------------------------++-------
Melee: Mace              ||    83
Invok: Depart the Abyss  ||     1
